 Dungeon Crawl Stone Soup version 0.30-a0-1042-gacf32f4bd3 (console) character file.

Game seed: 14249009971269922147

176 Kenran the Slasher (level 5, -1/42 HPs)
             Began as a Merfolk Fighter on Apr 9, 2023.
             Slain by Natasha (5 damage)
             ... on level 3 of the Dungeon.
             The game lasted 00:13:59 (2533 turns).

Kenran the Slasher (Merfolk Fighter)                Turns: 2533, Time: 00:13:59

Health: -1/42      AC:  6    Str: 19    XL:     5   Next: 56%
Magic:  5/5        EV: 11    Int:  7    God:
Gold:   166        SH:  4    Dex: 13    Spells: 4/4 levels left

rFire   + . .      SeeInvis .    a - +0 long sword
rCold   . . .      Faith    .    c - +0 buckler
rNeg    . . .      Spirit   .    p - +0 ring mail {rF+}
rPois   .          Reflect  .    r - +0 helmet
rElec   .          Rampage  .    (no cloak)
rCorr   .                        (no gloves)
Will    .....                    (no boots)
Stlth   +                        (no amulet)
HPRegen 0.27/turn                (no ring)
MPRegen 0.09/turn                (no ring)

@: no status effects
A: (nimble swimmer 2), mertail
a: no special abilities


You were on level 3 of the Dungeon.
You visited 1 branch of the dungeon, and saw 3 of its levels.

You collected 166 gold pieces.

Inventory:

Hand Weapons
 a - a +0 long sword (weapon)
Missiles
 j - 36 stones (quivered)
Armour
 c - a +0 buckler (worn)
 p - a +0 ring mail of fire resistance (worn)
 r - a +0 helmet (worn)
Jewellery
 o - a ring of resist corrosion
Scrolls
 b - a scroll of amnesia {unknown}
 f - 2 scrolls of teleportation {unknown}
 g - a scroll of identify {unknown}
 h - a scroll of immolation {unknown}
 i - a scroll of vulnerability {unknown}
 k - a scroll of poison {unknown}
 m - a scroll of fog {unknown}
 n - a scroll of fear {unknown}
Potions
 d - 2 potions of might
 e - a potion of attraction {!q}
 l - a potion of mutation {unknown}
 q - a potion of curing {@q1}


   Skills:
 - Level 4.0 Fighting
 - Level 5.0 Long Blades
 - Level 2.3 Armour
 + Level 3.1 Dodging
 - Level 3.2 Shields


You had 4 spell levels left.
You didn't know any spells.
Your spell library contained the following spells:

 Spells                   Type           Power      Damage    Failure   Level
 Shock                    Conj/Air       0%         1d3       71%         1
 Swiftness                Air            0%         N/A       97%         3
 Airstrike                Air            0%         2d(0-16)  100%        4


Dungeon Overview and Level Annotations

Branches:
Dungeon (3/15)

Altars:
Ashenzari
Cheibriados
Dithmenos

Annotations:
D:1 exclusion: downstairs
D:2 Sigmund
D:3 Natasha


Innate Abilities, Weirdness & Mutations

((You are very nimble when in or above water. (Stealth+, EV+, Speed+++)))
Your lower body shifts to a powerful aquatic tail in water.


Message History

You hit the cerulean imp.
The cerulean imp is lightly wounded.
Natasha stares at you and mumbles some strange words.
You resist with some effort.
The cerulean imp hits you from afar with a +0 spear.
The cerulean imp barely misses you.
You miss the cerulean imp.
The cerulean imp is lightly wounded.
Natasha claws you. You block the cerulean imp's attack.
The cerulean imp closely misses you.
Natasha mumbles some strange words.
Natasha's front paws start to glow.
You block Natasha's attack.
You hit Natasha.
Natasha is moderately wounded.
The cerulean imp barely misses you.
The cerulean imp hits you with a +0 spear.
Natasha misses you.
You closely miss Natasha.
Natasha is moderately wounded.
The cerulean imp barely misses you. The cerulean imp closely misses you.
Natasha claws you!
* * * LOW HITPOINT WARNING * * *
The cerulean imp hits you but does no damage.
You hit Natasha.
Natasha is heavily wounded.
The cerulean imp closely misses you. Natasha claws you.
* * * LOW HITPOINT WARNING * * *
The cerulean imp misses you.
You hit Natasha.
Natasha is heavily wounded.
The cerulean imp barely misses you. You block Natasha's attack.
The cerulean imp barely misses you. You block the cerulean imp's attack.
You hit Natasha.
Natasha is severely wounded.
Natasha closely misses you. You block the cerulean imp's attack.
The cerulean imp closely misses you. Natasha claws you.
* * * LOW HITPOINT WARNING * * *
You miss Natasha.
Natasha is severely wounded.
The cerulean imp hits you but does no damage.
The cerulean imp closely misses you. Natasha claws you.
You die...

≈≈._#.≈.#...### ### #..........
..###.≈.#.#.#######.## ...######.
##....≈.#............###.## #.
..≈≈≈≈≈.#.................# #.
≈≈......#.#....#....##.#..######.
..#######.#...###..............>.
##........#....#....#....<....##.
##.##.#.#....................###
#....#.##.^..>....#.#.......###
####.#.##....5..5..##..........
#..........@h...............
###.##...........#.......##.
#..............#.......##.
##############.###..#####. #.#
#..# #. #.# #..# #. #.# #..# #.
#.# #### #. #.##########.
#............ #############


You could see Natasha and 2 cerulean imps.

Vanquished Creatures
  Natasha (twice) (D:3)
  Robin (D:3)
  4 adders (D:3)
  2 dart slugs (D:2)
  An orc (D:3)
  2 bats
  5 endoplasms
  2 giant cockroaches
  10 goblins
  9 hobgoblins
  6 jackals
  4 quokkas
  8 ball pythons
  3 frilled lizards
  5 kobolds
64 creatures vanquished.

Notes
Turn   | Place    | Note
-------+----------+-------------------------------------------
     0 | D:1      | Kenran the Merfolk Fighter began the quest for the Orb.
     0 | D:1      | Reached XP level 1. HP: 18/18 MP: 1/1
   145 | D:1      | Reached XP level 2. HP: 14/23 MP: 2/2
   762 | D:1      | Reached skill level 3 in Long Blades
   977 | D:2      | Noticed Sigmund
   988 | D:1      | Reached XP level 3. HP: 26/29 MP: 3/3
  1564 | D:3      | Reached skill level 4 in Long Blades
  1587 | D:3      | Reached XP level 4. HP: 32/35 MP: 4/4
  1614 | D:3      | Noticed Natasha
  1628 | D:3      | Killed Natasha
  1704 | D:3      | Reached skill level 5 in Long Blades
  1744 | D:3      | Noticed Natasha
  1750 | D:3      | Killed Natasha
  1751 | D:3      | Reached skill level 1 in Dodging
  1751 | D:3      | Reached XP level 5. HP: 34/42 MP: 5/5
  2051 | D:3      | Found a snail-covered altar of Cheibriados.
  2221 | D:3      | Found a broken altar of Ashenzari.
  2228 | D:3      | Found a shadowy altar of Dithmenos.
  2228 | D:3      | Noticed Robin
  2248 | D:3      | Killed Robin
  2518 | D:3      | Noticed Natasha
  2533 | D:3      | Slain by Natasha

Illustrated notes

Levels and vault maps discovered:
D:1:      lemuel_arrival_behind_the_door_large, layout_rooms
D:2:      layout_basic, ebering_dispersal_statue_hall, uniq_jessica,
          uniq_sigmund, uniq_terence
D:3:      layout_loops_ring, nicolae_overflow_squiral, cheibriados_altar_1,
          fountainhead, uniq_robin, uniq_natasha, uniq_grinder

Skill      XL: |  1  2  3  4  5 |
---------------+----------------+-----
Long Blades    | 3 4 5 |  5.0
Fighting       | 4 |  4.0
Dodging        | 1 3 |  3.1
Armour         | |  2.3
Shields        | |  3.2

Action                     |  1- 3 |  4- 6 || total
---------------------------+-------+-------++-------
  Melee: Long sword        |   111 |   112 ||   223
         Tailslap          |       |     1 ||     1
    Use: Potion            |     2 |       ||     2
 Armour: Scale mail        |    55 |    19 ||    74
         Ring mail         |       |    25 ||    25
  Dodge: Dodged            |    52 |    68 ||   120
  Block: Buckler           |    19 |    25 ||    44

Table legend: (Time is in decaauts)
 A = Elapsed time spent in this place.
 B = Non-inter-level travel time spent in this place.
 C = Inter-level travel time spent in this place.
 D = Time resting spent in this place.
 E = Time spent auto-exploring this place.
 F = Levels seen in this place.
 G = Mean time per level.
                   A        B        C        D        E       F      G
               +--------+--------+--------+--------+--------+-----+--------+
         Total |   2581 |   2365 |    216 |    607 |    358 |   3 |  860.3 |
       Dungeon |   2581 |   2365 |    216 |    607 |    358 |   3 |  860.3 |
               +--------+--------+--------+--------+--------+-----+--------+

Top non-repeatable levels by time:
     D:1: 1346 daAuts
     D:3: 835 daAuts
     D:2: 399 daAuts
